 Seeded DCSS version 0.29.1-15-g9cfb28693d (webtiles) character file.

Game seed: 16245865983455551772 (custom seed)

5 Atreus the Trooper (level 1, 19/19 HPs)
             Began as a Palentonga Berserker on Mar 6, 2023.
             Was a Follower of Trog.
             Quit the game on level 1 of the Dungeon.
             The game lasted 00:01:22 (317 turns).

Atreus the Trooper (Palentonga Berserker)            Turns: 317, Time: 00:01:23

Health: 19/19      AC:  4    Str: 22    XL:     1   Next: 66%
Magic:  1/1        EV:  9    Int:  7    God:    Trog [*.....]
Gold:   0          SH:  0    Dex:  9    Spells: 0/0 levels left

rFire   + . .      SeeInvis +   c - +5 quick blade of the Eggplant {chaos, Fragile rF+ rC+ Will+++}
rCold   + . .      Faith    .   (no shield)
rNeg    . . .      Spirit   .   b - +0 animal skin
rPois   .          Reflect  .   (no helmet)
rElec   .          Harm     .   (no cloak)
rCorr   .          Rampage  .   (no gloves)
Will    +++..                   (no barding)
Stlth   +.........              (no amulet)
HPRegen 0.06/turn               (no ring)
MPRegen 0.07/turn               (no ring)

@: studying Axes
A: large, rugged brown scales 3, see invisible, deformed body, roll 1, armoured
tail
a: Rolling Charge, Renounce Religion, Berserk


You were on level 1 of the Dungeon.
You worshipped Trog.
Trog was aware of your devotion.
You visited 1 branch of the dungeon, and saw 1 of its levels.

Inventory:

Hand Weapons
 a - a +0 hand axe
 c - the +5 quick blade of the Eggplant (weapon) {chaos, Fragile rF+ rC+ Will+++}
   (You acquired it on level 1 of the Dungeon)

   Each time it hits an enemy it has a different, random effect.
   rF:        It protects you from fire.
   rC:        It protects you from cold.
   Fragile:   It will be destroyed if unequipped.
   Will:      It greatly increases your willpower.
 d - the +8 frozen axe "Frostbite" {freezing cloud, *Noise Fly rC+}
   (You acquired it on level 1 of the Dungeon)

   It freezes those it strikes, dealing additional cold damage.
   It can also slow down cold-blooded creatures.
   It occasionally leaves clouds of freezing vapour upon striking a foe.
   It grants immunity to clouds of freezing vapour.
   rC:        It protects you from cold.
   Fly:       It grants you flight.
   *Noise:    It may make noises in combat.
Armour
 b - a +0 animal skin (worn)


   Skills:
 + Level 3.2 Fighting
 * Level 0.3 Short Blades
 - Level 3.0 Axes
 - Level 1.5 Armour
 - Level 1.5 Dodging


You couldn't memorise any spells.
You didn't know any spells.
Your spell library was empty.

Dungeon Overview and Level Annotations

Branches:
Dungeon (1/15)

Altars:


Innate Abilities, Weirdness & Mutations

You are completely covered in rugged brown scales. (AC +3, +7% HP)
You have supernaturally acute eyesight. (SInv)
Armour fits poorly on your strangely shaped body.
You can roll at nearby foes to attack.
You have a long armoured tail.


Message History

You kill the endoplasm!
Trog accepts your kill.
You start resting.
HP restored.
c - 3 scrolls labelled WAC GOIFOFITOUPLEC
There are no items here.
This is a scroll of acquirement!
You see here a manual of Axes.
Something appears at your feet!
You pick up a manual of Axes and begin studying.
Something appears at your feet!
d - the +8 frozen axe "Frostbite" {freezing cloud, *Noise Fly rC+} Something appears at your feet!
c - the +5 quick blade of the Eggplant {chaos, Fragile rF+ rC+ Will+++} The +5 quick blade of the Eggplant {chaos, Fragile rF+ rC+ Will+++} is briefly surrounded by a scintillating aura of random colours.
c - the +5 quick blade of the Eggplant (weapon)
{chaos, Fragile rF+ rC+ Will+++} Your library has no spells.
You open the door.
An endoplasm comes into view.
There is an open door here.
The endoplasm quivers.
The endoplasm closely misses you.
You hit the endoplasm but do no damage. The endoplasm barely misses you.
You hit the endoplasm but do no damage.
You tail-slap the endoplasm, but do no damage.
The endoplasm freezes you.
You are frozen.
You resist.
You hit the endoplasm.
Lightning courses through the endoplasm!
You kill the endoplasm!
Trog accepts your kill.
There is an open door here.
A goblin and a quokka come into view.
Found 6 stones.
There are monsters nearby!
The goblin hits you with a +0 dagger.
You hit the goblin.
You kill the goblin!
Trog accepts your kill.
You see here a +0 dagger.
Are you sure you want to abandon this character and quit the game? (Confirm with "yes".)

.#####.#.###.##.#...........
..................#..#.....
#####....###.##...#..# ...#..# #
#.....###.#...###.## ##..#..
##........#...#(#..# #...#.#
##.#######..##.##.## ##....# #.#
#..#...#..# #....# #.#
##.##...##.###....# # ##'##
#..#@r...#..#.....# # ##...##
#..#.....#..#....# # ##.....##
#.............##.###
###.......###..#..#..##.####†#.##
##.........###..........####....#
############ ########............
##.#####....# #### ##### #####
####..# #.#.## ...# #...# #...#
#....## #.###


You could see a quokka.

Vanquished Creatures
  A ball python (D:1)
  2 endoplasms (D:1)
  A goblin (D:1)
4 creatures vanquished.

Notes
Turn   | Place    | Note
-------+----------+-------------------------------------------
     0 | D:1      | Atreus the Palentonga Berserker began the quest for the
                  | Orb.
     0 | D:1      | Reached XP level 1. HP: 19/19 MP: 1/1
   138 | D:1      | Identified 3 scrolls of acquirement
   138 | D:1      | Acquired a manual of Axes
   140 | D:1      | Acquired the +8 frozen axe "Frostbite" {freezing cloud,
                  | *Noise Fly rC+}
   140 | D:1      | Found the +8 frozen axe "Frostbite" {freezing cloud, *Noise
                  | Fly rC+}
   142 | D:1      | Acquired the +5 quick blade of the Eggplant {chaos, Fragile
                  | rF+ rC+ Will+++}
   317 | D:1      | Quit the game

Illustrated notes

Levels and vault maps discovered:
D:1:      minmay_arrival_hallway, layout_loops_corners, basic_ecumenical_altar,
          minmay_unequal

Action                   || total
-------------------------++-------
Melee: Hand axe          ||     9
       Quick blade       ||     4
       Tailslap          ||     1
       Punch             ||     1
 Abil: Rolling Charge    ||     1
  Use: Scroll            ||     3
Armor: Animal skin       ||     2
Dodge: Dodged            ||     8
